 Dungeon Crawl Stone Soup version 0.22-a0-396-g3f858e3 (webtiles) character file.

38948 Firecrotchwizard the Blocker (level 14, -8/81 HPs)
             Began as a Vine Stalker Fighter on May 3, 2018.
             Was the Champion of Okawaru.
             Mangled by a tyrant leech (16 damage)
             ... on level 6 of the Lair of Beasts.
             The game lasted 00:33:33 (14063 turns).

Firecrotchwizard the Blocker (VSFi)                Turns: 14063, Time: 00:33:34

Health: -8/81      AC: 16    Str: 25    XL:     14   Next: 4%
Magic:  0/22       EV:  7    Int: 11    God:    Okawaru [******]
Gold:   1296       SH: 14    Dex: 17    Spells: 13/13 levels left

rFire    + . .     SeeInvis +     - Unarmed
rCold    . . .     Gourm    .   b - +0 shield
rNeg     . . .     Faith    .   i - +1 chain mail {rPois}
rPois    +         Spirit   +   (no helmet)
rElec    .         Reflect  .   I - +2 cloak of the Zebra {Dex+2}
rCorr    .         Harm     .   A - +2 pair of gloves
MR       +....     Rnd*Tele +   (no boots)
Stlth    ..........             L - amulet of Pywoychi {+Rage Str+2 Slay+2}
HPRegen  1.03/turn              J - ring "Ismaugin" {rF+ SInv}
MPRegen  0.18/turn              D - ring "Vipy" {*Tele *Drain Int+3 Slay+6}

@: slowed, very slow
A: fangs 3, regeneration 2, magic shield, antimagic bite, no potion heal 3, rot
immunity
a: Heroism, Finesse, Renounce Religion, Evoke Berserk Rage


You were on level 6 of the Lair of Beasts.
You worshipped Okawaru.
Okawaru was exalted by your worship.
You were not hungry.

You visited 3 branches of the dungeon, and saw 17 of its levels.
You also visited: Labyrinth and Ossuary.

You collected 1296 gold pieces.

Inventory:

Hand Weapons
 q - a cursed -2 rapier
   (You found it on level 9 of the Dungeon)
 P - the +6 fustibalus of Resourcefulness {flame, rF+ rN+ MR+, unknown}
   (Okawaru gifted it to you on level 5 of the Lair of Beasts)

   It causes projectiles fired from it to burn those they strike, causing extra
   injury to most foes and up to half again as much damage against particularly
   susceptible opponents.
   It protects you from fire.
   It protects you from negative energy.
   It affects your resistance to hostile enchantments.
Missiles
 x - a throwing net {=f, !d}
Armour
 b - a +0 shield (worn)
 i - a +1 chain mail of poison resistance (worn)
   (You found it on level 1 of the Dungeon)
 v - a scarf of cloud immunity
   (You found it on level 3 of the Dungeon)
 A - a +2 pair of gloves (worn)
   (You found it on level 4 of the Dungeon)
 I - the +2 cloak of the Zebra (worn) {Dex+2}
   (Okawaru gifted it to you in a labyrinth)

   It affects your dexterity (+2).
Jewellery
 g - an uncursed ring of stealth {Stlth+}
   (You found it on level 6 of the Dungeon)
 m - an uncursed ring of positive energy {rN+}
   (You found it on level 1 of the Dungeon)
 D - the ring "Vipy" (right hand) {*Tele *Drain Int+3 Slay+6}
   (You found it on level 5 of the Dungeon)

   [ring of teleportation]

   It may teleport you next to monsters.
   It affects your intelligence (+3).
   It affects your accuracy and damage with ranged weapons and melee attacks
   (+6).
   It causes draining when unequipped.
 J - the ring "Ismaugin" (left hand) {rF+ SInv}
   (You took it off a minotaur in a labyrinth)

   [ring of protection from fire]

   It protects you from fire.
   It lets you see invisible.
 L - the amulet of Pywoychi (around neck) {+Rage Str+2 Slay+2}
   (You found it in a labyrinth)

   [amulet of rage]

   It affects your strength (+2).
   It affects your accuracy and damage with ranged weapons and melee attacks
   (+2).
   It lets you go berserk.
 R - an uncursed amulet of regeneration {@e1+regen, !d}
   (You found it on level 4 of the Lair of Beasts)
 U - a cursed ring of teleportation {unknown}
   (You found it on level 5 of the Lair of Beasts)
Wands
 p - a wand of scattershot (1)
   (You found it on level 3 of the Lair of Beasts)
 y - a wand of paralysis (20)
   (You found it on level 4 of the Dungeon)
 B - a wand of polymorph (37)
   (You found it on level 5 of the Dungeon)
 F - a wand of flame (35)
   (You found it on level 7 of the Dungeon)
 G - a wand of digging (10)
   (You found it on level 1 of the Lair of Beasts)
 Q - a wand of disintegration (18) {@e1}
   (You found it on level 4 of the Lair of Beasts)
 V - a wand of iceblast (6)
   (You found it on level 5 of the Lair of Beasts)
Scrolls
 e - a scroll of amnesia
 f - a scroll of vulnerability {unknown}
 h - 4 scrolls of fear
 l - 2 scrolls of remove curse
 o - 5 scrolls of teleportation
 r - 2 scrolls of blinking {!r}
 s - 5 scrolls of magic mapping {!r}
 t - 9 scrolls of enchant weapon
 K - 3 scrolls of identify
 S - a scroll of torment {unknown}
Potions
 a - 2 potions of mutation {unknown}
 c - 4 potions of might
 j - 3 potions of berserk rage {!q}
 k - 11 potions of curing
 n - 3 potions of magic
 u - 2 potions of heal wounds
 w - a potion of flight {unknown}
 z - 2 potions of haste
 C - 4 potions of brilliance
 E - a potion of ambrosia {unknown}
 H - 5 potions of lignification {!q}
Miscellaneous
 M - a fan of gales
   (You found it in a labyrinth)
 N - a phial of floods
   (You found it in a labyrinth)
 O - 2 boxes of beasts
Comestibles
 d - 33 rations {@e1}
 T - 9 chunks of flesh {@w0}


   Skills:
 + Level 12.5 Fighting
 - Level 2.4 Armour
 + Level 12.5 Shields
 - Level 11.0 Unarmed Combat
 + Level 9.7 Invocations


You had 13 spell levels left.
You didn't know any spells.

Dungeon Overview and Level Annotations

Branches:
Dungeon (10/15)            Temple (1/1) D:5            Lair (6/6) D:9
  Swamp (0/4) Lair:2       Spider (0/4) Lair:4
  Slime: Lair:5-6       Orc: D:9-12

Altars:
Ashenzari
Cheibriados
Dithmenos
Elyvilon
Fedhas
Gozag
Hepliaklqana
Kikubaaqudgha
Makhleb
Nemelex Xobeh
Okawaru
Qazlal
Ru
Sif Muna
Trog
Uskayaw
Vehumet
Wu Jian
Xom
Yredelemnul
Zin
The Shining One

Annotations:
D:2 1 runed door
D:3 exclusion: door
D:9 sparklingmilk's ghost, journeyman DsBe


Innate Abilities, Weirdness & Mutations

You have razor-sharp teeth.
You heal very quickly.
When hurt, damage is shared between your health and your magic reserves.
Your bite disrupts and absorbs the magic of your enemies.
Potions cannot restore your health.
You are immune to rotting.


Message History

You miss the tyrant leech. Your bite misses the tyrant leech.
You feel yourself speed up. You block the tyrant leech's attack.
The hornet stings you but does no damage.
You closely miss the tyrant leech. You block the hornet's attack.
Being near the torpor snail leaves you feeling lethargic.
You pummel the tyrant leech!! You bite the tyrant leech!! You drain its power.
You block the hornet's attack. You block the tyrant leech's attack.
The hornet barely misses you.
You hit the tyrant leech. You bite the tyrant leech. You drain its power.
You block the hornet's attack. You block the tyrant leech's attack.
You block the hornet's attack.
Your chain mail prevents you from hitting the tyrant leech.
Your bite misses the tyrant leech. You block the hornet's attack.
You block the tyrant leech's attack.
You miss the tyrant leech.
You kill the tyrant leech!
Okawaru accepts your kill. The hornet stings you.
You feel as though you will be slow longer.
You block the hornet's attack.
You take 2 damage, and have 79/81 hp.
You now have 21/22 mp.
You hit the hornet but do no damage. You bite the hornet! You drain its power.
You feel invigorated. You block the hornet's attack.
The hornet stings you but does no damage.
You block the tyrant leech's attack.
MP restored: 22 You miss the hornet.
Your bite misses the hornet.
The hornet stings you but does no damage. x2
You block the tyrant leech's attack.
Health restored: 81 You punch the hornet!
Your bite misses the hornet. You block the hornet's attack.
You block the tyrant leech's attack. The hornet barely misses you.
You barely miss the hornet. Your bite misses the hornet. The hornet stings you!
You block the tyrant leech's attack.
You take 8 damage, and have 73/81 hp.
You now have 20/22 mp.
You pummel the hornet!!
You kill the hornet!
Okawaru accepts your kill. The tyrant leech bites you!
The tyrant leech draws strength from your injuries!
You take 12 damage, and have 61/81 hp.
You now have 17/22 mp.
You pummel the torpor snail!! You bite the torpor snail! You drain its power.
You feel invigorated. You block the tyrant leech's attack.
MP restored: 22 You hit the torpor snail.
You bite the torpor snail. You drain its power. The torpor snail bites you.
The tyrant leech misses you.
You take 1 damage, and have 61/81 hp.
You punch the torpor snail!
You kill the torpor snail!
Okawaru accepts your kill.
The hornet stings you but does no damage.
You hear a loud "Zot"!
You punch the hornet! You block the hornet's attack. x2
The tyrant leech barely misses you. You block the hornet's attack.
The tyrant leech bites you.
The tyrant leech draws strength from your injuries!
You now have 21/22 mp.
You pummel the hornet!!
You kill the hornet!
Okawaru accepts your kill. The tyrant leech bites you!!
The tyrant leech draws strength from your injuries!
The tyrant leech bites you!!
The tyrant leech draws strength from your injuries!
You take 33 damage, and have 29/81 hp.
MASSIVE DAMAGE!!
You now have 10/22 mp.
You are too injured to fight recklessly!
You are too injured to fight recklessly!
You completely miss the torpor snail. You bite the torpor snail!
You drain its power.
You feel invigorated. You block the tyrant leech's attack.
The torpor snail closely misses you. The tyrant leech barely misses you.
MP restored: 22 You punch the torpor snail!
You bite the torpor snail. You drain its power.
You block the tyrant leech's attack. The torpor snail bites you!
* * * LOW HITPOINT WARNING * * *
The tyrant leech bites you!
* * * LOW HITPOINT WARNING * * *
The tyrant leech draws strength from your injuries!
You take 10 damage, and have 20/81 hp.
You now have 15/22 mp.
You hit the torpor snail but do no damage.
You bite the torpor snail. You drain its power.
You feel invigorated. You block the tyrant leech's attack.
You block the torpor snail's attack. The tyrant leech bites you!
* * * LOW HITPOINT WARNING * * *
The tyrant leech draws strength from your injuries!
You take 3 damage, and have 17/81 hp.
You regained 2 mp, and now have 17/22 mp.
You hit the torpor snail but do no damage.
The tyrant leech bites you!!
* * * LOW HITPOINT WARNING * * *
The tyrant leech draws strength from your injuries!
The torpor snail completely misses you.
You take 10 damage, and have 7/81 hp.
You now have 7/22 mp.
You hit the torpor snail.
You bite the torpor snail, but do no damage.
You block the tyrant leech's attack. The tyrant leech bites you!!
You die...

.# ...#
.....##
......w#####
#w@.#.#
##w..##
##...##
###.P#
####P.#
##..P†.#
#.....##
##...[#
#....#


You could see 2 tyrant leeches and a torpor snail.

Vanquished Creatures
  A minotaur (Lab)
  Josephine (Lair:6)
  5 hydras
  A lindwurm (Lair:6)
  A necromancer (Lair:4)
  3 black mambas
  11 spiny frogs
  15 elephants
  3 torpor snails
  7 rime drakes
  4 komodo dragons
  A merfolk (D:9)
  The ghost of Foxy the Grave Robber, an amateur TrNe (D:4)
  2 polar bears
  Prince Ribbit (D:7)
  A queen bee (Lair:3)
  Grinder (D:6)
  5 hornets
  2 tyrant leeches (Lair:6)
  3 blink frogs (Lair:5)
  13 hippogriffs
  3 wraiths (Lair:6)
  8 wyverns
  22 yaks
  7 basilisks
  A hungry ghost (D:9)
  Edmund (D:6)
  6 water moccasins
  5 porcupines
  A hell hound (Lair:5)
  2 ice beasts
  Duvessa (D:5)
  2 necrophages
  2 sky beasts
  5 wolves (Lair:4)
  2 centaurs (D:9)
  4 ogres
  13 crocodiles
  2 big kobolds
  Blork the orc (D:6)
  17 bullfrogs
  2 gnoll sergeants (D:8)
  7 scorpions
  Dowan (D:5)
  5 wights (D:9)
  30 killer bees
  2 electric eels
  A howler monkey (D:4)
  3 crimson imps
  A quasit (D:7)
  3 jellies (D:7)
  8 hounds
  2 orc priests
  2 bullfrog skeletons
  An iron imp (D:9)
  2 iguanas
  5 worker ants
  9 orc wizards
  5 polar bear simulacra (Lair:4)
  2 yak simulacra (Lair:4)
  4 wolf simulacra (Lair:4)
  A big kobold zombie (Ossuary)
  2 hound zombies
  A hound skeleton (D:7)
  8 mummies (Ossuary)
  5 adders
  16 gnolls
  A howler monkey skeleton (D:4)
  3 shadow imps
  An ooze (D:1)
  5 worms
  A dart slug (D:2)
  9 leopard geckos
  30 orcs
  3 ball pythons
  11 giant cockroaches
  10 hobgoblins
  21 jackals
  12 kobolds
  4 quokkas
  9 bats
  7 frilled lizards
  A gnoll zombie (Ossuary)
  13 goblins
  4 hobgoblin zombies (Ossuary)
  2 kobold zombies (Ossuary)
  A leopard gecko skeleton (D:5)
  2 leopard gecko zombies
  2 quokka skeletons
  4 rats
  A bush (Lair:3)
472 creatures vanquished.

Vanquished Creatures (others)
  8 fungi
  7 plants
15 creatures vanquished.

Grand Total: 487 creatures vanquished

Notes
Turn   | Place    | Note
-------+----------+-------------------------------------------
     0 | D:1      | Firecrotchwizard the Vine Stalker Fighter began the quest for the Orb.
     0 | D:1      | Reached XP level 1. HP: 11/11 MP: 2/2
    18 | D:1      | HP: 2/11 [jackal (2)]
   349 | D:1      | Reached XP level 2. HP: 16/16 MP: 3/3
   460 | D:1      | Reached skill level 3 in Fighting
   460 | D:1      | Reached skill level 3 in Shields
   538 | D:1      | Reached XP level 3. HP: 18/20 MP: 4/4
  1067 | D:2      | Found a faded altar of an unknown god.
  1081 | D:2      | Found a blossoming altar of Fedhas.
  1237 | D:2      | Gained mutation: Your natural rate of healing is unusually fast. [Vine Stalker growth]
  1237 | D:2      | Reached XP level 4. HP: 23/24 MP: 5/5
  1276 | D:2      | Found a runed door.
  1571 | D:2      | Reached skill level 3 in Unarmed Combat
  2023 | D:3      | Found an ornate altar of the Wu Jian Council.
  2094 | D:3      | Found an iron altar of Okawaru.
  2342 | D:3      | Found a deep blue altar of Sif Muna.
  2560 | D:3      | Found a sacrificial altar of Ru.
  2641 | D:4      | Reached XP level 5. HP: 27/29 MP: 6/6
  2668 | D:4      | Found a burning altar of Makhleb.
  2668 | D:4      | Noticed a green death
  2714 | D:4      | Noticed Foxy's ghost (amateur TrNe)
  3011 | D:4      | Reached skill level 4 in Fighting
  3011 | D:4      | Reached skill level 4 in Shields
  3011 | D:4      | Reached XP level 6. HP: 31/33 MP: 7/7
  3121 | D:4      | Reached skill level 4 in Unarmed Combat
  3277 | D:4      | Reached XP level 7. HP: 38/38 MP: 8/8
  3452 | D:5      | Entered Level 5 of the Dungeon
  3473 | D:5      | Found a staircase to the Ecumenical Temple.
  3481 | Temple   | Entered the Ecumenical Temple
  3743 | D:5      | Reached skill level 5 in Shields
  3749 | D:5      | Reached skill level 5 in Fighting
  3771 | D:5      | Reached skill level 5 in Unarmed Combat
  3817 | D:5      | Got a glittering glass ring
  3818 | D:5      | Identified the ring "Vipy" {*Tele *Drain Int+3 Slay+6} (You found it on level 5 of the Dungeon)
  3846 | D:5      | Noticed a dagger
  3847 | D:5      | Noticed a dagger
  3848 | D:5      | Found a hide-covered altar of Uskayaw.
  3876 | D:5      | Gained mutation: You have razor-sharp teeth. [Vine Stalker growth]
  3876 | D:5      | Reached XP level 8. HP: 28/44 MP: 9/9
  4041 | D:5      | Noticed Dowan
  4044 | D:5      | Noticed Duvessa
  4045 | D:5      | Killed Dowan
  4063 | D:5      | Killed Duvessa
  4136 | D:5      | Reached skill level 6 in Unarmed Combat
  4348 | D:5      | Reached skill level 6 in Fighting
  4348 | D:5      | Reached skill level 6 in Shields
  4586 | D:6      | Noticed Blork the orc
  4589 | D:6      | Noticed Grinder
  4605 | D:6      | Killed Grinder
  4605 | D:6      | Reached XP level 9. HP: 41/49 MP: 10/10
  4607 | D:6      | Killed Blork the orc
  4807 | D:6      | Noticed Edmund
  4819 | D:6      | Killed Edmund
  4819 | D:6      | Reached skill level 7 in Unarmed Combat
  4881 | D:6      | Reached skill level 7 in Fighting
  4881 | D:6      | Reached skill level 7 in Shields
  4968 | D:6      | Found a shattered altar of Ashenzari.
  4968 | D:6      | Found a burning altar of Makhleb.
  4976 | D:6      | Found a glowing golden altar of the Shining One.
  4978 | D:6      | Found a stormy altar of Qazlal.
  4979 | D:6      | Found an opulent altar of Gozag.
  5529 | D:7      | Found a shimmering altar of Xom.
  5531 | D:7      | Noticed a hornet
  5541 | D:7      | Killed a hornet
  5543 | D:7      | Found a shimmering altar of Xom.
  5543 | D:7      | Found a shimmering altar of Xom.
  5543 | D:7      | Found a shimmering altar of Xom.
  5544 | D:7      | Found a shimmering altar of Xom.
  5544 | D:7      | Found a shimmering altar of Xom.
  5546 | D:7      | Found a shimmering altar of Xom.
  5600 | D:7      | Found a radiant altar of Vehumet.
  5683 | D:7      | Reached skill level 8 in Unarmed Combat
  5861 | D:7      | Noticed Prince Ribbit
  5875 | D:7      | Killed Prince Ribbit
  5875 | D:7      | Reached XP level 10. HP: 56/56 MP: 11/11
  6333 | D:8      | Reached skill level 8 in Fighting
  6333 | D:8      | Reached skill level 8 in Shields
  6463 | D:8      | Found a sand-covered staircase.
  6735 | Ossuary  | Entered an ossuary
  6792 | Ossuary  | Reached skill level 9 in Unarmed Combat
  7376 | D:4      | Killed Foxy's ghost
  7430 | D:3      | Became a worshipper of Warmaster Okawaru
  7637 | D:9      | Found a snail-covered altar of Cheibriados.
  7666 | D:9      | Found a staircase to the Lair.
  8122 | D:9      | Noticed sparklingmilk's ghost (journeyman DsBe)
  8204 | D:9      | Reached * piety under Okawaru
  8299 | D:10     | Entered Level 10 of the Dungeon
  8367 | Lair:1   | Entered Level 1 of the Lair of Beasts
  8367 | Lair:1   | Noticed a spiny frog
  8380 | D:9      | Killed a spiny frog
  8380 | D:9      | Reached skill level 10 in Unarmed Combat
  8451 | Lair:1   | Reached XP level 11. HP: 33/60 MP: 10/12
  8513 | Lair:1   | Noticed an eight-headed hydra
  8521 | Lair:1   | Killed an eight-headed hydra
  8521 | Lair:1   | Reached ** piety under Okawaru
  8521 | Lair:1   | Reached skill level 9 in Fighting
  8521 | Lair:1   | Reached skill level 9 in Shields
  8884 | Lair:1   | Reached skill level 11 in Unarmed Combat
  8933 | Lair:1   | Reached *** piety under Okawaru
  9005 | Lair:1   | Reached skill level 1 in Invocations
  9255 | Lair:2   | Noticed a four-headed hydra
  9258 | Lair:2   | Noticed a four-headed hydra
  9370 | Lair:2   | Reached skill level 2 in Invocations
  9468 | Lair:2   | Reached **** piety under Okawaru
  9468 | Lair:2   | Reached skill level 3 in Invocations
  9488 | Lair:2   | HP: 10/63 [four-headed hydra (7)]
  9489 | Lair:2   | Killed a four-headed hydra
  9489 | Lair:2   | Reached skill level 10 in Fighting
  9489 | Lair:2   | Reached skill level 10 in Shields
  9541 | Lair:2   | Reached skill level 4 in Invocations
  9548 | Lair:2   | HP: 15/63 [poisoned by a black mamba]
  9553 | Lair:2   | HP: 15/63 [poisoned by a black mamba]
  9664 | Lair:2   | Killed a four-headed hydra
  9664 | Lair:2   | Reached ***** piety under Okawaru
  9664 | Lair:2   | Gained mutation: You heal very quickly. [Vine Stalker growth]
  9664 | Lair:2   | Reached XP level 12. HP: 37/67 MP: 7/16
  9677 | Lair:2   | Received a gift from Okawaru
  9812 | Lair:2   | Found a staircase to the Swamp.
 10413 | Lair:3   | Found a labyrinth entrance.
 10484 | Lab      | Entered a labyrinth
 10651 | Lab      | Noticed a minotaur
 10669 | Lab      | Killed a minotaur
 10669 | Lab      | Received a gift from Okawaru
 10669 | Lab      | Reached skill level 5 in Invocations
 10670 | Lab      | Got a faintly glowing cloak {god gift}
 10672 | Lab      | Got a twitching glass ring
 10679 | Lab      | Got a fine ruby amulet
 10682 | Lab      | Identified the amulet of Pywoychi {+Rage Str+2 Slay+2} (You found it in a labyrinth)
 10685 | Lab      | Identified the +2 cloak of the Zebra {Dex+2} (Okawaru gifted it to you in a labyrinth)
 10696 | Lab      | Identified the ring "Ismaugin" {rF+ SInv} (You took it off a minotaur in a labyrinth)
 10773 | Lair:3   | Noticed a six-headed hydra
 10781 | Lair:3   | Killed a six-headed hydra
 10835 | Lair:3   | Reached skill level 6 in Invocations
 11318 | Lair:3   | Reached skill level 11 in Shields
 11329 | Lair:3   | Reached skill level 11 in Fighting
 11609 | Lair:4   | Found a hole to the Spider Nest.
 11813 | Lair:4   | Reached skill level 7 in Invocations
 11850 | Lair:4   | Reached XP level 13. HP: 74/74 MP: 19/19
 12035 | Lair:4   | Found a white marble altar of Elyvilon.
 12158 | Lair:4   | Received a gift from Okawaru
 12248 | Lair:4   | Reached skill level 8 in Invocations
 12900 | Lair:5   | Received a gift from Okawaru
 12910 | Lair:5   | Got a twisted fustibalus {god gift}
 12923 | Lair:5   | Reached skill level 12 in Shields
 12934 | Lair:5   | Reached ****** piety under Okawaru
 12934 | Lair:5   | Reached skill level 12 in Fighting
 12954 | Lair:5   | HP: 16/75 [rime drake/flash freeze (13)]
 13213 | Lair:5   | Reached skill level 9 in Invocations
 13741 | Lair:6   | Entered Level 6 of the Lair of Beasts
 13909 | Lair:6   | Noticed Josephine
 13917 | Lair:6   | Killed Josephine
 13948 | Lair:6   | HP: 13/76 [hornet (8)]
 13956 | Lair:6   | HP: 8/76 [lindwurm/blast of flame (5)]
 13959 | Lair:6   | HP: 1/76 [lindwurm (3)]
 14014 | Lair:6   | Reached XP level 14. HP: 57/81 MP: 22/22
 14060 | Lair:6   | HP: 20/81 [tyrant leech (4)]
 14062 | Lair:6   | HP: 7/81 [tyrant leech (11)]
 14063 | Lair:6   | Mangled by a tyrant leech

Vault maps used:
D:1:      kennysheep_arrival_forest
D:2:      fedhas_altar_1, chequers_ecumenical_altar_twisty,
          uniq_crazy_yiuf_cottage
D:3:      old_standard_altar, okawaru_trees_1, lemuel_doored_altar,
          first_ration, led_sif_book
D:4:      makhleb_altar_promises_db
D:5:      dancing_weapons_uskayaw, temple_statues, uniq_duvessa
D:6:      chequers_temple_overflow_minitemple, uniq_edmund, uniq_blork_the_orc,
          uniq_grinder
D:7:      nicolae_overflow_crystal_walls, xom_redecorated, nrook_uturn,
          uniq_prince_ribbit1
D:8:      nicolae_ossuary_entry_false_entrances, enter_bailey_3
D:9:      slow_altar_1, lair_entry_dummy, hangedman_fish_farm, bh_walls_and_bars
D:10:     zombieorc2_lemuel, kennysheep_boxes
Temple:   nicolae_temple_figure_zero
Lair:2:   swamp_mist_pool, grunt_megastairs_3
Lair:3:   lab_entry_generic, special_room, serial_bayou_shore_a
Lair:4:   nicolae_spider_entry_non_spiders, basic_altar, st_stairs_7,
          eino_house_with_fridge, grunt_megastairs_1
Lair:5:   special_room, serial_bayou_pond_b, beast_lair_carwin_11,
          grunt_megastairs_2
Lair:6:   hangedman_lair_caniforms_friends, wormcave, slime_altar_2,
          uniq_josephine
Lab:      labyrinth_mini_lab
Ossuary:  ossuary_tomb_3

Skill      XL: |  1  2  3  4  5  6  7  8  9 10 11 12 13 |
---------------+----------------------------------------+-----
Fighting       | 3 4 5 6 7 8 10 11 12 | 12.5
Shields        | 3 4 5 6 7 8 10 11 12 | 12.5
Unarmed Combat | 3 4 5 6 8 10 11 | 11.0
Invocations    | 4 7 9 |  9.7
Armour         | |  2.4

Action                   |  1- 3 |  4- 6 |  7- 9 | 10-12 | 13-15 || total
-------------------------+-------+-------+-------+-------+-------++-------
Melee: Unarmed           |    51 |       |       |   529 |   270 ||   850
       Bite              |    45 |    77 |   147 |   229 |   112 ||   610
       Dagger            |    80 |   240 |   368 |    45 |       ||   733
Invok: Heroism           |       |       |       |     2 |     2 ||     4
       Finesse           |       |       |       |     1 |     1 ||     2
Evoke: Wand              |       |     2 |     1 |     1 |     1 ||     5
  Use: Scroll            |       |       |     2 |    22 |     2 ||    26
 Stab: Paralysed         |       |     3 |       |       |       ||     3
  Eat: Chunk             |     1 |     7 |     8 |    17 |     8 ||    41
       Ration            |       |       |       |     1 |       ||     1
Armor: Scale mail        |    57 |       |       |       |       ||    57
       Chain mail        |    31 |    65 |   119 |   241 |   129 ||   585
Dodge: Dodged            |    31 |    33 |    53 |   132 |    58 ||   307
Block: Shield            |    65 |    87 |   146 |   310 |   163 ||   771

Table legend:
 A = Spawn XP
 B = Non-spawn XP
 C = Spawn XP percentage of total XP
 D = Spawn monster count
 E = Non-spawn monster count
 F = Spawn count percentage of total count
 G = Total turns spent on level
                    A         B        C        D         E        F      G
               +---------+---------+-------+---------+---------+-------+---------
         Total |       0 |   55640 |   0.0 |       0 |     471 |   0.0 | 14063
               +---------+---------+-------+---------+---------+-------+---------
           D:1 |       0 |      54 |   0.0 |       0 |      28 |   0.0 |  1026
           D:2 |       0 |      54 |   0.0 |       0 |      21 |   0.0 |   815
           D:3 |       0 |      52 |   0.0 |       0 |      24 |   0.0 |   851
           D:4 |       0 |     926 |   0.0 |       0 |      25 |   0.0 |   899
           D:5 |       0 |    1195 |   0.0 |       0 |      36 |   0.0 |   931
           D:6 |       0 |    1391 |   0.0 |       0 |      32 |   0.0 |  1041
           D:7 |       0 |    1598 |   0.0 |       0 |      25 |   0.0 |   936
           D:8 |       0 |    1155 |   0.0 |       0 |      35 |   0.0 |   825
           D:9 |       0 |    2341 |   0.0 |       0 |      30 |   0.0 |   772
          D:10 |       0 |      37 |   0.0 |       0 |       1 |   0.0 |    14
        Lair:1 |       0 |    4478 |   0.0 |       0 |      19 |   0.0 |   859
        Lair:2 |       0 |    7098 |   0.0 |       0 |      23 |   0.0 |  1087
        Lair:3 |       0 |    6945 |   0.0 |       0 |      43 |   0.0 |  1041
        Lair:4 |       0 |    8896 |   0.0 |       0 |      48 |   0.0 |  1021
        Lair:5 |       0 |   11468 |   0.0 |       0 |      44 |   0.0 |  1073
        Lair:6 |       0 |    6528 |   0.0 |       0 |      20 |   0.0 |   322
           Lab |       0 |    1246 |   0.0 |       0 |       1 |   0.0 |   220
       Ossuary |       0 |     178 |   0.0 |       0 |      16 |   0.0 |   186
               +---------+---------+-------+---------+---------+-------+---------

Vault maps used:
D:1:      kennysheep_arrival_forest
D:2:      fedhas_altar_1, chequers_ecumenical_altar_twisty,
          uniq_crazy_yiuf_cottage
D:3:      old_standard_altar, okawaru_trees_1, lemuel_doored_altar,
          first_ration, led_sif_book
D:4:      makhleb_altar_promises_db
D:5:      dancing_weapons_uskayaw, temple_statues, uniq_duvessa
D:6:      chequers_temple_overflow_minitemple, uniq_edmund, uniq_blork_the_orc,
          uniq_grinder
D:7:      nicolae_overflow_crystal_walls, xom_redecorated, nrook_uturn,
          uniq_prince_ribbit1
D:8:      nicolae_ossuary_entry_false_entrances, enter_bailey_3
D:9:      slow_altar_1, lair_entry_dummy, hangedman_fish_farm, bh_walls_and_bars
D:10:     zombieorc2_lemuel, kennysheep_boxes
Temple:   nicolae_temple_figure_zero
Lair:2:   swamp_mist_pool, grunt_megastairs_3
Lair:3:   lab_entry_generic, special_room, serial_bayou_shore_a
Lair:4:   nicolae_spider_entry_non_spiders, basic_altar, st_stairs_7,
          eino_house_with_fridge, grunt_megastairs_1
Lair:5:   special_room, serial_bayou_pond_b, beast_lair_carwin_11,
          grunt_megastairs_2
Lair:6:   hangedman_lair_caniforms_friends, wormcave, slime_altar_2,
          uniq_josephine
Lab:      labyrinth_mini_lab
Ossuary:  ossuary_tomb_3

Table legend:
 A = Turns spent in this place as a percentage of turns spent in the entire game.
 B = Non-inter-level travel turns spent in this place as a percentage of non-inter-level travel turns spent in the entire game.
 C = Inter-level travel turns spent in this place as a percentage of turns spent in this place.
 D = Turns resting spent in this place as a percentage of non-inter-level travel turns spent in this place.
 E = Turns spent auto-exploring this place as a percentage of non-inter-level travel turns spent in this place.
 F = Non-inter-level travel turns spent in this place divided by the number of levels of this place that you've seen.
                   A       B       C       D       E      F
               +-------+-------+-------+-------+-------+----------------------
         Total | 100.0 | 100.0 |   6.3 |  11.5 |  63.7 | 693.5
       Dungeon |  57.7 |  56.8 |   7.7 |  10.8 |  65.3 | 748.2
        Temple |   1.0 |   0.8 |  24.3 |   0.0 |  98.2 | 109.0
          Lair |  38.4 |  39.3 |   4.1 |  13.3 |  63.5 | 863.2
     Labyrinth |   1.6 |   1.7 |   0.0 |   2.7 |   0.0 | 220.0
       Ossuary |   1.3 |   1.4 |   0.0 |   7.5 |  58.1 | 186.0
               +-------+-------+-------+-------+-------+----------------------

Table legend:
 A = Kills in this place as a percentage of kills in entire the game.
 B = Kills by you in this place as a percentage of kills by you in the entire game.
 C = Kills by friends in this place as a percentage of kills by friends in the entire game.
 D = Other kills in this place as a percentage of other kills in the entire game.
 E = Experience gained in this place as a percentage of experience gained in the entire game.
 F = Experience gained in this place divided by the number of levels of this place that you have seen.
                   A       B       C       D       E      F
               +-------+-------+-------+-------+-------+----------------------
         Total | 100.0 | 100.0 |   N/A |   N/A | 100.0 | 2928.4
       Dungeon |  54.6 |  54.6 |   N/A |   N/A |  15.8 | 880.3
          Lair |  41.8 |  41.8 |   N/A |   N/A |  81.6 | 7568.8
     Labyrinth |   0.2 |   0.2 |   N/A |   N/A |   2.2 | 1246.0
       Ossuary |   3.4 |   3.4 |   N/A |   N/A |   0.3 | 178.0
               +-------+-------+-------+-------+-------+----------------------
